Map: Вечная империя РВ

Players

ИИ 1 (знаток)

  • Race: Terran Terran
  • Spawn Location: 1:00

Doll - Winner!

  • Race: Zerg Zerg
  • Spawn Location: 7:00

VOD

Have the link to the VOD?

Description

Time

  • Played on: March 10, 2021, 9:06 a.m.
  • Length: 11:15
Show
View Real Time Build Order
Export as new Build Order

ИИ 1 (знаток) Terran 

Build Orders:  

Get SALT Encoding   

  12  0:00  SCV  
  13  0:13  SCV  
  14  0:18  Supply Depot  
  14  0:25  SCV  
  15  0:40  SCV  
  15  0:42  Barracks  
  16  0:51  Refinery  
  16  0:52  SCV  
  17  1:04  SCV  
  18  1:16  SCV  
  19  1:20  Supply Depot  
  19  1:29  SCV, Marine  
  21  1:40  Barracks  
  21  1:41  Orbital Command  
  21  1:47  Barracks Tech Lab  
  21  1:48  Refinery  
  21  2:05  Marine  
  21  2:08  Supply Depot  
  22  2:18  Factory  
  22  2:23  Marine  
  23  2:41  Marauder  
  23  2:42  Marine  
  26  3:00  Marine  
  26  3:02  Marauder  
  26  3:04  Starport  
  29  3:06  Supply Depot  
  29  3:18  Marine  
  30  3:20  SCV  
  30  3:24  Marauder  
  33  3:32  SCV  
  34  3:36  Engineering Bay  
  34  3:43  Starport Tech Lab  
  34  3:44  SCV  
  34  3:46  Supply Depot  
  35  3:56  SCV  
  36  4:03  Banshee  
  36  4:09  SCV  
  40  4:21  SCV  
  41  4:45  Banshee  
  41  4:51  Barracks Tech Lab  
  41  4:52  Widow Mine  
  46  4:53  Factory  
  46  4:55  Starport  
  46  4:58  Supply Depot  
  46  5:04  Stimpack  
  46  5:13  Factory Tech Lab  
  46  5:23  Combat Shield  
  46  5:31  Siege Tank  
  46  5:32  Starport Tech Lab  
  49  5:37  Factory Tech Lab  
  49  5:40  Missile Turret  
  49  5:44  Marine x2, Missile Turret  
  49  5:47  Viking  
  49  5:49  SCV  
  45  5:56  Hellion  
  35  6:01  SCV, Marine  
  35  6:02  Marine  
  35  6:04  Hellion  
  35  6:13  SCV  
  35  6:18  Widow Mine  
  38  6:19  Marine  
  38  6:25  SCV  
  40  6:40  Factory Tech Lab  
  40  6:41  Concussive Shells  
  40  6:51  Command Center  
  40  6:56  SCV  
  41  7:07  Terran Infantry Weapons Level 1  
  41  7:08  SCV  
  42  7:20  SCV  
  43  7:26  Marine  
  44  7:32  SCV  
  44  7:34  Marine  
  39  7:44  SCV, Marine  
  32  7:53  Marauder  
  30  8:02  Marine  
  30  8:03  SCV  
  31  8:07  SCV  
  32  8:13  Marine  
  32  8:15  SCV  
  34  8:21  SCV  
  35  8:27  SCV  
  35  8:33  SCV  
  37  8:39  SCV  
  37  8:41  Siege Tank  
  41  8:45  SCV  
  42  8:49  Widow Mine  
  42  8:51  SCV  
  42  8:55  Marine  
  46  8:57  SCV  
  46  8:59  Marauder  
  46  9:01  Terran Infantry Armor Level 1  
  49  9:27  Command Center, Barracks  
  49  9:34  Factory  
  49  9:43  Starport  
  49  9:45  Marine  
  49  9:49  Marauder  
  49  9:54  Raven  
  46  10:03  Marine  
  36  10:10  Viking, Marine  
  36  10:14  Marine  
  34  10:19  Starport Reactor  
  34  10:20  Marine  
  30  10:22  Factory Tech Lab  
  30  10:28  SCV, Marine  
  26  10:33  Barracks Reactor  
  26  10:34  SCV  
  20  10:38  Marine  
  16  10:47  SCV  
Show
View Real Time Build Order
Export as new Build Order

Doll Zerg - Winner!

Build Orders: Hatch First 

Get SALT Encoding   

  12  0:00  Drone  
  13  0:12  Overlord  
  13  0:17  Drone  
  14  0:31  Drone x2  
  16  0:52  Hatchery, Drone  
  16  0:58  Drone  
  16  0:59  Drone  
  18  1:12  Extractor  
  18  1:17  Spawning Pool  
  16  1:19  Drone  
  16  1:22  Drone  
  18  1:29  Overlord  
  18  1:39  Drone  
  19  2:05  Zergling x4  
  19  2:06  Queen x2  
  19  2:08  Drone  
  26  2:12  Drone  
  27  2:17  Drone  
  27  2:20  Metabolic Boost  
  28  2:23  Drone  
  28  2:26  Drone  
  30  2:48  Hatchery  
  30  2:49  Drone  
  30  2:50  Drone  
  31  2:55  Drone  
  31  2:56  Drone  
  33  3:01  Drone  
  33  3:02  Drone  
  33  3:05  Extractor  
  33  3:10  Drone x2  
  34  3:14  Overlord  
  34  3:16  Drone  
  35  3:29  Zergling x2  
  35  3:33  Zergling x4  
  35  3:34  Zergling x6  
  39  3:39  Roach Warren  
  40  3:42  Drone  
  40  3:44  Baneling Nest  
  40  3:45  Drone  
  41  3:53  Overlord, Spine Crawler  
  40  3:56  Drone  
  40  4:01  Drone  
  42  4:03  Drone  
  42  4:06  Drone  
  44  4:11  Drone  
  44  4:13  Drone  
  44  4:15  Lair  
  46  4:19  Roach  
  46  4:20  Roach  
  50  4:25  Roach  
  50  4:26  Roach  
  50  4:28  Baneling x2  
  50  4:30  Baneling  
  54  4:31  Baneling  
  54  4:33  Baneling  
  54  4:34  Baneling  
  54  4:35  Baneling  
  54  4:36  Baneling  
  54  4:37  Baneling  
  54  4:38  Baneling  
  54  4:39  Roach  
  54  4:43  Overlord  
  56  4:45  Drone  
  56  4:46  Drone  
  56  4:51  Overlord  
  58  5:03  Drone x4  
  58  5:04  Drone x2  
  64  5:07  Overlord  
  64  5:12  Glial Reconstitution  
  64  5:13  Centrifical Hooks  
  64  5:15  Drone x2  
  64  5:19  Extractor  
  64  5:20  Extractor  
  64  5:23  Roach  
  64  5:24  Roach  
  64  5:25  Zergling x2  
  64  5:26  Zergling x2  
  64  5:27  Zergling x2  
  71  5:29  Zergling x2  
  72  5:39  Roach x2  
  72  5:40  Roach, Overlord  
  78  5:49  Drone x3  
  73  5:50  Overlord  
  73  5:51  Roach  
  68  6:05  Hydralisk Den  
  64  6:18  Drone, Evolution Chamber  
  61  6:19  Drone x2, Roach, Evolution Chamber  
  61  6:20  Roach x2  
  61  6:22  Drone  
  61  6:23  Evolution Chamber  
  61  6:24  Drone  
  70  6:25  Hatchery  
  70  6:31  Roach  
  70  6:32  Roach x2  
  75  6:34  Roach  
  75  6:37  Roach  
  75  6:39  Overseer  
  79  6:40  Overseer  
  79  6:46  Drone  
  81  6:47  Drone x3  
  81  6:48  Drone  
  81  6:51  Extractor  
  81  6:53  Extractor  
  82  6:57  Pneumatized Carapace  
  82  7:02  Hydralisk  
  82  7:03  Hydralisk x2  
  82  7:05  Hydralisk  
  82  7:07  Drone  
  91  7:10  Drone x2  
  93  7:16  Drone, Overlord  
  93  7:18  Drone  
  93  7:19  Drone x2  
  93  7:20  Drone  
  98  7:25  Overlord  
  98  7:37  Drone  
  98  7:38  Drone x3  
  98  7:39  Drone x2, Spire  
  93  7:48  Hydralisk  
  93  7:49  Hydralisk x4  
  93  7:51  Zergling x2  
  100  7:52  Drone  
  93  7:59  Hydralisk  
  93  8:00  Hydralisk x2  
  93  8:09  Zergling x4  
  93  8:10  Zergling x6  
  93  8:11  Infestation Pit  
  93  8:12  Roach  
  99  8:17  Zerg Melee Weapons Level 1  
  99  8:18  Drone, Overlord  
  99  8:19  Drone  
  101  8:27  Zerg Missile Weapons Level 1  
  101  8:28  Zergling x4  
  101  8:30  Baneling x3  
  101  8:32  Drone, Baneling  
  101  8:33  Drone x2  
  106  8:35  Baneling  
  106  8:36  Baneling x2  
  106  8:38  Baneling  
  106  8:39  Baneling  
  106  8:40  Drone  
  106  8:41  Drone x3, Overlord  
  110  8:45  Drone x3  
  110  8:48  Extractor  
  112  8:50  Zerg Ground Armor Level 1, Extractor  
  112  8:52  Drone  
  112  8:55  Drone x2  
  114  9:03  Hive  
  114  9:13  Roach x5  
  114  9:14  Roach x2  
  114  9:15  Queen  
  130  9:18  Drone x2  
  130  9:19  Drone  
Tags
 
Add a new tag
Caveats
  • Supply blocks, unpowered buildings, or Contaminate may cause inaccurate times.
  • Supply counts are checked every 10 seconds.